[Event "*** Titled Tuesday Blitz"]
[Site "Chess.com"]
[Date "2020.11.10"]
[Round "6"]
[White "Marianov_Podstavnikov"]
[Black "Mikasinski"]
[Result "1-0"]
[WhiteElo "2262"]
[BlackElo "2477"]
[TimeControl "180+1"]
[EndTime "11:08:38 PST"]
[Termination "Marianov_Podstavnikov won by resignation"]

1. e4 c5 2. Nf3 d6 3. Bb5+ Bd7 4. c4 g6 5. Nc3 Bg7 6. d4 cxd4 7. Nxd4 Nc6 8. Be3 Nf6 9. h3 O-O 10. O-O Rc8 11. Bxc6 bxc6 12. c5 dxc5 13. Nb3 Be6 14. Nxc5 Bc4 15. Re1 Qa5 16. a3 Rb8 17. b4 Qc7 18.
Qd4 Nd5 19. Qxc4 Nxc3 20. Na6 Qd7 21. Nxb8 Rxb8 22. Rac1 Nb5 23. Qxc6 Qd3 24. Red1 Qxa3 25. Qxb5 Rxb5 26. Rc8+ Bf8 27. Bh6 1-0

[Event "*** Titled Tuesday Blitz"]
[Site "Chess.com"]
[Date "2020.11.10"]
[Round "6"]
[White "Anaj14"]
[Black "ErikBlomqvist"]
[Result "1-0"]
[WhiteElo "2353"]
[BlackElo "2457"]
[TimeControl "180+1"]
[EndTime "11:08:40 PST"]
[Termination "Anaj14 won by resignation"]

1. Nf3 c5 2. g3 Nc6 3. Bg2 g6 4. d4 cxd4 5. Nxd4 Bg7 6. Nb3 d6 7. O-O Be6 8. Nc3 Qd7 9. Re1 h5 10. h4 Nf6 11. Bg5 Ng4 12. Rb1 O-O 13. Nd5 Rfe8 14.
e4 Rac8 15. c3 Nce5 16. Nd4 Bxd5 17. exd5 Nc4 18. b3 Na3 19. Rc1 Nb5 20. Nxb5 Qxb5 21. Rxe7 Rxc3 22. Rxc3 Bxc3 23. Qc2 Rxe7 24. Bxe7 Bd4 25.
Bxd6 Nxf2 26. Qc8+ Kg7 27. Qf8+ Kf6 28. Qh8+ Kf5 29. Qxd4 Qb6 1-0

[Event "*** Titled Tuesday Blitz"]
[Site "Chess.com"]
[Date "2020.11.10"]
[Round "6"]
[White "VMikhalevski"]
[Black "Chopper1905"]
[Result "0-1"]
[WhiteElo "2727"]
[BlackElo "2940"]
[TimeControl "180+1"]
[EndTime "11:08:41 PST"]
[Termination "Chopper1905 won by checkmate"]

1. Nf3 d5 2. g3 g6 3. Bg2 Bg7 4. d4 c6 5. O-O Nd7 6. Nbd2 Nb6 7. b3 Nf6 8. Bb2 Bf5 9. c4 O-O 10. Ne5 Nfd7 11. Nef3 Nf6 12. a4 a5 13. Ne5 Nfd7 14. Nef3 Nf6 15. Rc1 Ne4 16. c5 Nd7 17. Nh4 Nexc5 18.
Nxf5 gxf5 19. Qc2 Ne4 20. Nf3 e6 21. Ne1 Qb6 22. e3 Rfc8 23. f3 Nef6 24. Nd3 Qd8 25. Ba3 b6 26. Qe2 Rab8 27. Ne5 Nxe5 28. dxe5 Nd7 29.
f4 Bf8 30. Bxf8 Qxf8 31. g4 fxg4 32. Qxg4+ Kh8 33. Kh1 Qh6 34. Qe2 Nc5 35. Rf3 Rg8 36.
Rh3 Qg6 37. Rf1 Rg7 38. Rg3 Qd3 39. Qh5 Rbg8 40. Rxg7 Rxg7 41. Qh4 Ne4 42. Re1 Qc2 43. h3 Qxg2# 0-1

[Event "*** Titled Tuesday Blitz"]
[Site "Chess.com"]
[Date "2020.11.10"]
[Round "6"]
[White "narutosmith"]
[Black "Oglob71"]
[Result "1-0"]
[WhiteElo "2313"]
[BlackElo "2436"]
[TimeControl "180+1"]
[EndTime "11:08:43 PST"]
[Termination "narutosmith won by resignation"]

1. d4 Nf6 2. Bf4 d5 3. e3 e6 4. Nf3 Bd6 5. Nbd2 Bxf4 6. exf4 O-O 7. g3 c5 8. c3 b6 9. Rc1 Ne4 10. Nxe4 dxe4 11. Ng5 cxd4 12. Qh5 h6 13. Nxe4 dxc3 14. Rxc3 Bb7 15. Bg2 Nd7 16. O-O Rc8 17. Rd3 Qe7 18.
Rfd1 Rc7 19. Qe2 Bxe4 20. Bxe4 Nc5 21. R3d2 Nxe4 22. Qxe4 Rfc8 23. Kg2 Qc5 24. Rd8+ Qf8 25. Rxf8+ Rxf8 26. Rd2 Rfc8 27. Qe5 g6 28. Qf6 Kh7 29. h4 h5 30. f3 Rb7 31. g4 hxg4 32. fxg4 Rbc7 33.
h5 gxh5 34. gxh5 Rg8+ 35. Kh2 Rg7 36. Rg2 Rxg2+ 37. Kxg2 e5 38. h6 1-0

[Event "*** Titled Tuesday Blitz"]
[Site "Chess.com"]
[Date "2020.11.10"]
[Round "6"]
[White "Sergienko_Sergey"]
[Black "SanchezKelvin"]
[Result "0-1"]
[WhiteElo "2290"]
[BlackElo "2444"]
[TimeControl "180+1"]
[EndTime "11:08:44 PST"]
[Termination "SanchezKelvin won by checkmate"]

1. e4 c5 2. Nf3 d6 3. d4 cxd4 4. Nxd4 Nf6 5. Nc3 g6 6. Be2 Bg7 7. O-O O-O 8. Bg5 Nc6 9. Nb3 a5 10. a4 h6 11. Bh4 Be6 12. Kh1 Rc8 13. f4 Nb4 14. f5 Bxb3 15. cxb3 g5 16. Bf2 Nc6 17.
h3 Ne5 18. Bd4 Nfd7 19. Bb5 Nf6 20. Qe2 e6 21. Rad1 Qe7 22. Bb6 g4 23. Bxa5 Nh5 24. Qf2 Qg5 25. Rg1 g3 26. Qe2 Nf4 27. Qe3 Qh4 28. Ne2 Nxh3 29. Qxg3 Nf2# 0-1

[Event "*** Titled Tuesday Blitz"]
[Site "Chess.com"]
[Date "2020.11.10"]
[Round "6"]
[White "WiktoriaPOL"]
[Black "Nils_03"]
[Result "0-1"]
[WhiteElo "2091"]
[BlackElo "2246"]
[TimeControl "180+1"]
[EndTime "11:08:46 PST"]
[Termination "Nils_03 won on time"]

1. c4 e6 2. Nc3 d5 3. d4 c6 4. cxd5 exd5 5. Qc2 g6 6. Nf3 Nf6 7. Bg5 Be7 8. e3 Bf5 9. Qb3 Qb6 10. Be2 O-O 11.
h4 Nbd7 12. h5 Qxb3 13. axb3 gxh5 14. Nd2 Bg6 15. O-O-O Rfe8 16. Rh2 Ng4 17. Bxg4 hxg4 18. Bxe7 Rxe7 19. Rdh1 Nf6 20. Ne2 a5 21. Nf4 Kg7 22.
Nb1 a4 23. b4 Ne4 24. Nh5+ Kg8 25. f3 g3 26. Rh4 Nf2 27. Rf1 Rxe3 28. Kd2 Rd3+ 29.
Ke2 Re8+ 30. Re4 dxe4 31. Nf6+ Kf8 32. Nxe8 exf3+ 33. gxf3 Kxe8 34. Rxf2 gxf2 35. Nd2 Rxd2+ 0-1

[Event "*** Titled Tuesday Blitz"]
[Site "Chess.com"]
[Date "2020.11.10"]
[Round "6"]
[White "yuki_chess123"]
[Black "albi1999"]
[Result "0-1"]
[WhiteElo "2223"]
[BlackElo "2548"]
[TimeControl "180+1"]
[EndTime "11:08:47 PST"]
[Termination "albi1999 won on time"]

1. Nf3 d5 2. g3 Bg4 3. Bg2 Nd7 4.
d3 e5 5. O-O Ngf6 6. c4 dxc4 7.
Qa4 c6 8. Qxc4 Bd6 9. Nbd2 O-O 10. b3 Re8 11. Bb2 Qa5 12. Qc2 Qd8 13. Rad1 Nd5 14. a3 a5 15. e4 N5f6 16. Nc4 Bc7 17. d4 exd4 18. Bxd4 Nxe4 19. Rfe1 Nef6 20. Rxe8+ Qxe8 21. Re1 Qf8 22. Nfe5 Nxe5 23. Nxe5 Be6 24. Nxc6 bxc6 25. Bxf6 gxf6 26. Qxc6 Rc8 27. Rxe6 fxe6 28. Qxe6+ Kh8 29. Be4 Re8 30. Qf5 Qe7 31. Bd3 Bb6 32. Kg2 Rd8 0-1

[Event "*** Titled Tuesday Blitz"]
[Site "Chess.com"]
[Date "2020.11.10"]
[Round "6"]
[White "MatyChess1"]
[Black "zmeeed67"]
[Result "1-0"]
[WhiteElo "2564"]
[BlackElo "2367"]
[TimeControl "180+1"]
[EndTime "11:08:47 PST"]
[Termination "MatyChess1 won by resignation"]

1. e4 Nc6 2. Nf3 d6 3. d4 Nf6 4. Nc3 Bg4 5. d5 Bxf3 6. gxf3 Nb8 7. f4 g6 8. e5 Nh5 9. Be2 Ng7 10. Bg4 e6 11.
Qd4 c5 12. Qa4+ Nd7 13. Be3 a6 14. dxe6 fxe6 15. exd6 Bxd6 16. O-O-O Qe7 17. Ne4 b5 18. Qa5 Bb8 19. Rxd7 Kxd7 20. Qb6 Ke8 21. Qc6+ Qd7 22. Nf6+ 1-0

[Event "*** Titled Tuesday Blitz"]
[Site "Chess.com"]
[Date "2020.11.10"]
[Round "6"]
[White "NotFischer"]
[Black "lacafi"]
[Result "1-0"]
[WhiteElo "2257"]
[BlackElo "2118"]
[TimeControl "180+1"]
[EndTime "11:08:47 PST"]
[Termination "NotFischer won by resignation"]

1. d4 f5 2. c4 Nf6 3. Nc3 g6 4. g3 Bg7 5. Bg2 O-O 6. Nf3 d6 7. Bd2 Qe8 8. O-O e5 9. dxe5 dxe5 10. e4 f4 11. gxf4 exf4 12. Bxf4 Nxe4 13. Qd5+ Kh8 14.
Be5 Nxc3 15. bxc3 c6 16. Bxg7+ Kxg7 17. Qd4+ Kg8 18. Rfe1 Qf7 19. Rab1 Nd7 20. Ng5 Qf6 21. Ne6 Rf7 22. Nc7 Rb8 23. Re8+ Kg7 24. Ne6+ Kh6 25.
Qe3+ g5 26. Qh3+ Kg6 27. Be4+ 1-0

[Event "*** Titled Tuesday Blitz"]
[Site "Chess.com"]
[Date "2020.11.10"]
[Round "6"]
[White "NefeLV"]
[Black "ajedrezhoy"]
[Result "0-1"]
[WhiteElo "1758"]
[BlackElo "2225"]
[TimeControl "180+1"]
[EndTime "11:08:48 PST"]
[Termination "ajedrezhoy won by resignation"]

1. d4 Nf6 2. Bf4 c5 3. c3 Qb6 4. b3 cxd4 5. cxd4 e6 6. Nf3 Bb4+ 7. Bd2 O-O 8. Nc3 Nc6 9. a3 Bxc3 10. Bxc3 Ne4 11. Bb2 d5 12. e3 Na5 13. b4 Bd7 14.
Bd3 Nc4 15. Rb1 a5 16. Bxe4 dxe4 17. Qc2 exf3 18. Qxc4 fxg2 19. Rg1 Rfc8 20. Qd3 Bb5 21. Qe4 Bf1 22. d5 exd5 23. Qe5 Qg6 24. Rd1 axb4 25.
axb4 h5 26. Rxd5 Re8 27. Qf4 f6 28. Rd7 Rad8 29. Rxd8 Rxd8 30. Bd4 Qd3 31. Qf3 Rxd4 32. exd4 Qxf3 0-1

[Event "*** Titled Tuesday Blitz"]
[Site "Chess.com"]
[Date "2020.11.10"]
[Round "6"]
[White "sjam6687"]
[Black "Qvalda"]
[Result "1-0"]
[WhiteElo "2720"]
[BlackElo "2430"]
[TimeControl "180+1"]
[EndTime "11:08:49 PST"]
[Termination "sjam6687 won by resignation"]

1. d4 d5 2. c4 dxc4 3. e4 e5 4. d5 Nf6 5. Nc3 b5 6. Bg5 Bc5 7. Qf3 a6 8. a4 b4 9. Nd1 Nbd7 10.
Bxc4 Bb7 11. Ne2 O-O 12. Ne3 Bxe3 13. Qxe3 c6 14. dxc6 Bxc6 15. O-O Qa5 16. Ng3 Rac8 17. Nf5 Bxe4 18. Ne7+ Kh8 19. Nxc8 Rxc8 20. Bxf7 Rf8 21.
Bc4 Bg6 22. Rad1 Qc7 23. b3 h6 24. Bxf6 Nxf6 25. Bxa6 Qc3 26. Rc1 Qb2 27. Rfd1 Ng4 28. Qe2 Rxf2 29. Qxg4 Bc2 30. Rf1 Bf5 31. Qg3 Rc2 32. Rce1 Bg6 33. Qxg6 Qd4+ 34. Kh1 1-0

[Event "*** Titled Tuesday Blitz"]
[Site "Chess.com"]
[Date "2020.11.10"]
[Round "6"]
[White "Bodnar_Mykola"]
[Black "temus_galaktionov"]
[Result "0-1"]
[WhiteElo "2371"]
[BlackElo "2619"]
[TimeControl "180+1"]
[EndTime "11:08:49 PST"]
[Termination "temus_galaktionov won by resignation"]

1. e4 c6 2. d4 g6 3. c4 Bg7 4. Nc3 d6 5. Be3 Nd7 6. Nf3 e5 7. Be2 Ngf6 8. h3 O-O 9. O-O Qe7 10. Re1 exd4 11. Bxd4 Nxe4 12. Nxe4 Qxe4 13. Bxg7 Kxg7 14. Qxd6 Qf5 15. Rad1 Qf6 16. c5 Qxb2 17. Rd2 Qc3 18. Qe7 Nxc5 19. Bd1 Bf5 20. g4 Rfe8 21. Qxe8 Rxe8 22. Rxe8 Be4 23. Re2 Qxf3 24. R2xe4 Qxd1+ 25. Re1 Qd3 26. R8e2 Qxh3 27. g5 Qg4+ 28. Kf1 Qxg5 29. Re6 Nxe6 30. Rxe6 fxe6 31. f4 Qa5 32. f5 exf5 0-1

[Event "*** Titled Tuesday Blitz"]
[Site "Chess.com"]
[Date "2020.11.10"]
[Round "6"]
[White "szachuspl"]
[Black "tteshan"]
[Result "1-0"]
[WhiteElo "2531"]
[BlackElo "2360"]
[TimeControl "180+1"]
[EndTime "11:08:50 PST"]
[Termination "szachuspl won by resignation"]

1. d4 d5 2. c4 dxc4 3. e4 e5 4. Nf3 Bb4+ 5. Bd2 Bxd2+ 6. Nbxd2 exd4 7. Bxc4 Nf6 8. e5 Nd5 9. Qb3 Be6 10. Qxb7 Nb6 11. Bxe6 fxe6 12. O-O O-O 13. Ne4 N8d7 14. Rac1 Nd5 15. Nxd4 Nxe5 16. Nxe6 Qd7 17. Nxf8 Rxf8 18. Rfd1 Rd8 19. Rc5 Qg4 20. Qb3 c6 21. f3 Qf4 22. Qc2 Rb8 23. Qd2 Qf8 24. Rxc6 Nxc6 25. Qxd5+ Kh8 26. Qxc6 Rxb2 27. Qd6 Qxd6 28. Rxd6 Kg8 29. Ra6 Rb1+ 30. Kf2 Rb2+ 31. Kg3 Rb7 32. Nc5 Rc7 33. Ne6 Re7 34. Nd4 h6 35. Nb5 Re5 36.
Nxa7 Re2 37. Nb5 Rb2 38. Nc3 Rb1 39. Ne4 1-0

[Event "*** Titled Tuesday Blitz"]
[Site "Chess.com"]
[Date "2020.11.10"]
[Round "6"]
[White "Gulkov_Igor"]
[Black "ChelsieMonica"]
[Result "0-1"]
[WhiteElo "2448"]
[BlackElo "2350"]
[TimeControl "180+1"]
[EndTime "11:08:51 PST"]
[Termination "ChelsieMonica won by resignation"]

1. Nf3 f5 2. g3 e6 3. Bg2 Nf6 4. O-O Be7 5. d4 O-O 6. c4 Ne4 7. b3 d5 8. Qc2 c6 9. Ba3 Nd7 10.
Bxe7 Qxe7 11. Qb2 b6 12. Nbd2 Bb7 13. Rac1 Rac8 14. Rc2 g5 15. Rfc1 g4 16. Ne1 Ndf6 17. Nd3 Nxd2 18. Rxd2 Ne4 19. Rdc2 h5 20. f3 Ng5 21. f4 Nf7 22. cxd5 cxd5 23. Rxc8 Rxc8 24. Rxc8+ Bxc8 25. Qc3 Bb7 26. Kf2 h4 27. e3 h3 28. Bf1 Nd6 29. Ke1 Ne4 30. Qc2 Kg7 31. Nf2 Qb4+ 32. Kd1 Nc3+ 33. Kc1 a5 34. Nd3 Qa3+ 35.
Kd2 Ne4+ 36. Ke1 Ba6 37. Qc7+ Kh6 38. Qxb6 Bxd3 39. Qxe6+ Kg7 40. Qe7+ Qxe7 0-1

[Event "*** Titled Tuesday Blitz"]
[Site "Chess.com"]
[Date "2020.11.10"]
[Round "6"]
[White "parintele_chess"]
[Black "monalize"]
[Result "0-1"]
[WhiteElo "2147"]
[BlackElo "2305"]
[TimeControl "180+1"]
[EndTime "11:08:51 PST"]
[Termination "monalize won by resignation"]

1. d4 Nf6 2. c4 d6 3. Nc3 e5 4. dxe5 dxe5 5. Qxd8+ Kxd8 6. e4 Nfd7 7. Nf3 f6 8. Be3 c6 9. Be2 a5 10. O-O Bc5 11.
Bxc5 Nxc5 12. Rfd1+ Kc7 13. Nd2 Nbd7 14. Rab1 Ne6 15.
Nf3 Ndc5 16. b4 axb4 17. Rxb4 Ra3 18. Nd5+ cxd5 19. cxd5 Nf4 20. d6+ Kd8 21. Bf1 Rxa2 22. Rc1 Nce6 23. g3 Ne2+ 24. Bxe2 Rxe2 25. Nh4 g6 26. f4 Nd4 27. fxe5 fxe5 28. Rc7 Rxe4 29. Rbc4 Bh3 30. Rxb7 Ne2+ 31. Kf2 Rxc4 32. Kxe2 Bd7 33.
Nf3 Bg4 34. Rb8+ Rc8 35. Rxc8+ Kxc8 36. d7+ Kxd7 0-1

[Event "*** Titled Tuesday Blitz"]
[Site "Chess.com"]
[Date "2020.11.10"]
[Round "6"]
[White "Siemba"]
[Black "Blitzking642"]
[Result "1-0"]
[WhiteElo "2438"]
[BlackElo "2272"]
[TimeControl "180+1"]
[EndTime "11:08:52 PST"]
[Termination "Siemba won by resignation"]

1. f3 e5 2. c3 d5 3. Qa4+ Nc6 4. Kd1 Nf6 5. Qh4 Be7 6. Qe1 Bf5 7. g4 Bg6 8. h4 h5 9. g5 Nd7 10. e3 f6 11. Nh3 Nc5 12. d4 Ne6 13. f4 Qd6 14. Bb5 O-O-O 15. b3 a6 16. Ba3 Qd7 17. Bxc6 bxc6 18.
Bxe7 Qxe7 19. Qf1 Kb7 20. f5 exd4 21. exd4 fxg5 22. fxg6 Rhf8 23. Qe2 g4 24. Ng5 Rd6 25. Nf7 Rd7 26. Re1 Re8 27. Nd2 Qxh4 28. b4 Rde7 29.
Ne5 Nf4 30. Qf1 Qg5 31. Nb3 Ra8 32. Nc5+ Kc8 33. Nxc6 Rxe1+ 34. Qxe1 1-0

[Event "*** Titled Tuesday Blitz"]
[Site "Chess.com"]
[Date "2020.11.10"]
[Round "6"]
[White "igorknyazev"]
[Black "ZenBull"]
[Result "1-0"]
[WhiteElo "1994"]
[BlackElo "2096"]
[TimeControl "180+1"]
[EndTime "11:08:53 PST"]
[Termination "igorknyazev won by resignation"]

1. e4 c5 2. f4 g6 3. Nf3 Bg7 4. Bc4 e6 5. O-O Ne7 6. Qe1 O-O 7. Nc3 d5 8. exd5 exd5 9. Bd3 Nbc6 10. Qh4 Nf5 11.
Bxf5 Bxf5 12. d3 Qxh4 13. Nxh4 Be6 14. f5 gxf5 15. Nxf5 Bd4+ 16. Kh1 Kh8 17. Bg5 Bxf5 18. Rxf5 f6 19. Raf1 Kg7 20. Bc1 Ne7 21. Rh5 Rad8 22. Bh6+ Kg6 23. Bxf8 Rxf8 24. Rh3 f5 25. Re1 Kf6 26. Rh6+ Ng6 27. Nxd5+ Kg5 28. Rxh7 Bxb2 29. g3 f4 30. Nxf4 Nxf4 31. gxf4+ Rxf4 32. Rg1+ Kf6 33.
Rxb7 Bd4 34. Re1 Rf2 35. Rxa7 Rxc2 36. a4 Ra2 37. a5 c4 38. Ra6+ Kf5 39. dxc4 Bc3 40.
Rd1 Be5 41. Ra8 Rxh2+ 42. Kg1 Rh4 43. c5 Bd4+ 44. Kg2 Rg4+ 45. Kf3 Rf4+ 46. Ke2 Re4+ 47. Kd3 Bxc5 48. Rf1+ Rf4 49. Rxf4+ Kxf4 50. Kc4 1-0

[Event "*** Titled Tuesday Blitz"]
[Site "Chess.com"]
[Date "2020.11.10"]
[Round "6"]
[White "KuzubovYuriy"]
[Black "tsaruk_maks"]
[Result "1-0"]
[WhiteElo "2834"]
[BlackElo "2620"]
[TimeControl "180+1"]
[EndTime "11:08:54 PST"]
[Termination "KuzubovYuriy won by resignation"]

1. d4 Nf6 2. Nf3 e6 3. c4 d5 4.
g3 dxc4 5. Bg2 c5 6. O-O Nc6 7. dxc5 Qxd1 8. Rxd1 Bxc5 9. Nbd2 c3 10. bxc3 O-O 11.
Ne1 Nd5 12. Bb2 Rd8 13. Nd3 Be7 14. Rab1 Bd7 15. Nb3 Be8 16. c4 Nb6 17. c5 Na4 18. Ba1 f6 19. Rdc1 Rac8 20. Bh3 Kf7 21. Nf4 Bd7 22.
Rd1 f5 23. e4 Nxc5 24. Nxc5 Bxc5 25. Rxb7 Ke8 26. exf5 Na5 27. fxe6 Ba4 28. Rxd8+ Rxd8 29. Rb1 g5 30. Nh5 Rd2 31. Nf6+ Ke7 32. Ne4 Rd1+ 33.
Rxd1 1-0

[Event "*** Titled Tuesday Blitz"]
[Site "Chess.com"]
[Date "2020.11.10"]
[Round "6"]
[White "Savva09022009"]
[Black "Obito24"]
[Result "1-0"]
[WhiteElo "2428"]
[BlackElo "2571"]
[TimeControl "180+1"]
[EndTime "11:08:56 PST"]
[Termination "Savva09022009 won on time"]

1. d4 Nf6 2. Nc3 d5 3. Bf4 c6 4.
e3 Bf5 5. f3 e6 6. g4 Bg6 7. h4 h6 8. Bd3 Bxd3 9. Qxd3 Bd6 10. Nge2 Bxf4 11. Nxf4 Nbd7 12. O-O-O Qc7 13. g5 e5 14.
dxe5 Nxe5 15. Qf5 Nfd7 16. Nfxd5 cxd5 17. Nxd5 Qc5 18. f4 O-O-O 19. fxe5 Kb8 20. Qxf7 Nxe5 21. Qxg7 Rhe8 22. Nf6 Qxe3+ 23. Kb1 Qf3 24. Rxd8+ Rxd8 25. Rc1 Nc4 26. Qe7 Rd1 27. Qf8+ Kc7 28. Ne8+ Kb6 29. Qb4+ 1-0

[Event "*** Titled Tuesday Blitz"]
[Site "Chess.com"]
[Date "2020.11.10"]
[Round "6"]
[White "ShapkinAnatoliy"]
[Black "LiamVrolijk"]
[Result "1-0"]
[WhiteElo "2629"]
[BlackElo "2802"]
[TimeControl "180+1"]
[EndTime "11:08:57 PST"]
[Termination "ShapkinAnatoliy won by resignation"]

1. d4 d5 2. c4 e6 3. Nf3 Nf6 4.
g3 Be7 5. Bg2 O-O 6. O-O dxc4 7.
Qc2 a6 8. a4 Bd7 9. Nc3 Bc6 10.
Rd1 Bxf3 11. Bxf3 Nc6 12. Bxc6 bxc6 13. a5 Rb8 14. Ra4 Rb4 15. Na2 Rxa4 16. Qxa4 Qa8 17. Qxc4 Qb7 18. Nc3 Bb4 19. Bg5 Nd5 20. e4 Nxc3 21. bxc3 Bxa5 22. Ra1 Bb6 23. Rxa6 c5 24. d5 exd5 25. exd5 Re8 26. Ra1 Re5 27. Bf4 Rxd5 28.
Qe4 Qc6 29. c4 1-0

[Event "*** Titled Tuesday Blitz"]
[Site "Chess.com"]
[Date "2020.11.10"]
[Round "6"]
[White "kamilianin235"]
[Black "ChristopherYoo"]
[Result "0-1"]
[WhiteElo "2186"]
[BlackElo "2829"]
[TimeControl "180+1"]
[EndTime "11:09:00 PST"]
[Termination "ChristopherYoo won by checkmate"]

1. e4 c5 2. Nf3 e6 3. d4 cxd4 4. Nxd4 Nf6 5. Nc3 Nc6 6. Nxc6 bxc6 7. e5 Nd5 8. Ne4 Qc7 9. f4 Rb8 10. Bd3 Qb6 11. Qe2 Be7 12. a3 O-O 13. c4 f5 14.
cxd5 fxe4 15. Qxe4 g6 16. d6 Bd8 17. b4 c5 18. Be3 Bb7 19. Qc4 Rc8 20. Bxc5 Qc6 21. O-O-O Bb6 22. h4 Bxc5 23. bxc5 Qxc5 24. Qxc5 Rxc5+ 25. Kd2 Rxf4 26. h5 Rxe5 27. hxg6 hxg6 28.
Bxg6 Rf2+ 29. Kd3 Rxg2 30. Bh7+ Kg7 31. Rdf1 Rg3+ 32. Kd4 Rd5+ 33. Kc4 Ba6+ 34. Kb4 Rd4+ 35. Ka5 Rxa3# 0-1

[Event "*** Titled Tuesday Blitz"]
[Site "Chess.com"]
[Date "2020.11.10"]
[Round "6"]
[White "Algeriano22"]
[Black "Jumbo"]
[Result "0-1"]
[WhiteElo "2698"]
[BlackElo "2870"]
[TimeControl "180+1"]
[EndTime "11:09:01 PST"]
[Termination "Jumbo won on time"]

1. e4 e5 2. Nf3 Nc6 3. Bc4 Bc5 4. d3 Nf6 5. O-O d6 6. c3 a6 7. Bb3 h6 8. Nbd2 O-O 9. Re1 Re8 10. h3 Be6 11.
Nh2 d5 12. Qf3 d4 13. Ndf1 b5 14. Ng3 a5 15. Bxe6 Rxe6 16. Nf5 Kh7 17. Bd2 a4 18. a3 Bf8 19. cxd4 Nxd4 20. Nxd4 Qxd4 21. Bc3 Qd7 22. Nf1 c5 23. Qg3 Rae8 24. Bd2 Rd6 25. Re3 g6 26. Rd1 Nh5 27. Qf3 Nf4 28. Bc3 Bg7 29. Kh2 c4 0-1

[Event "*** Titled Tuesday Blitz"]
[Site "Chess.com"]
[Date "2020.11.10"]
[Round "6"]
[White "juli2512"]
[Black "talman67"]
[Result "0-1"]
[WhiteElo "2102"]
[BlackElo "2545"]
[TimeControl "180+1"]
[EndTime "11:09:05 PST"]
[Termination "talman67 won on time"]

1. e4 e5 2. Nf3 Nc6 3. Nc3 Nf6 4. g3 d5 5. exd5 Nxd5 6. d3 Bb4 7. Bd2 Bxc3 8. bxc3 f6 9. Bg2 Be6 10. O-O Qd7 11.
Re1 O-O 12. Rb1 b6 13. c4 Nde7 14. Be3 Bh3 15. Bh1 Nf5 16. Nd2 Nxe3 17. fxe3 f5 18.
Bd5+ Kh8 19. Nf3 Bg4 20. Qd2 Qd6 21. Bxc6 Qxc6 22. Nxe5 Qa4 23. Nxg4 fxg4 24. Rf1 Rxf1+ 25. Rxf1 Qxa2 26. Qb4 c5 27. Qc3 Qa4 28. Rf7 Rg8 29. Rf4 Qe8 30. Kf2 a5 31. Rxg4 Qh5 32. Rf4 Qxh2+ 33.
Kf3 Qh1+ 34. Kf2 a4 35. Qa3 Qh2+ 36. Kf3 Qxc2 37. Re4 Rf8+ 38. Rf4 Rd8 39. Qa1 Kg8 40. Qe5 Qxd3 41. Qe6+ Kh8 0-1

[Event "*** Titled Tuesday Blitz"]
[Site "Chess.com"]
[Date "2020.11.10"]
[Round "6"]
[White "lolo9292"]
[Black "Chernov_Mikhail"]
[Result "1-0"]
[WhiteElo "2535"]
[BlackElo "2339"]
[TimeControl "180+1"]
[EndTime "11:09:05 PST"]
[Termination "lolo9292 won by resignation"]

1. e4 c5 2. Nc3 Nc6 3. Bb5 g6 4. Bxc6 bxc6 5. d3 Bg7 6. f4 d6 7. Nf3 Nf6 8. O-O O-O 9. Qe1 Rb8 10. Kh1 Ne8 11. Qh4 f5 12. e5 Nc7 13. Re1 Nd5 14.
Nxd5 cxd5 15. b3 e6 16. Qg3 d4 17. Bd2 d5 18. Rac1 Bd7 19. c3 dxc3 20. Rxc3 Qb6 21.
Rec1 Rfc8 22. Qf2 d4 23. R3c2 Bf8 24. Qh4 Qd8 25. Qh3 Bc6 26. Ng5 Qd7 27. Be1 Bd5 28. Bh4 a5 29. Nf3 a4 30. bxa4 Qxa4 31. Qg3 c4 32.
Nxd4 cxd3 33. Rxc8 Rxc8 34. Rxc8 Qxd4 35. Rc1 Qe4 36. Qf2 Bb4 37. Bf6 d2 38. Rc8+ Bf8 39. Qxd2 Bc6 40. Rxf8+ Kxf8 41. Qd8+ 1-0

[Event "*** Titled Tuesday Blitz"]
[Site "Chess.com"]
[Date "2020.11.10"]
[Round "6"]
[White "petrpalachev"]
[Black "capatl"]
[Result "1-0"]
[WhiteElo "2724"]
[BlackElo "2501"]
[TimeControl "180+1"]
[EndTime "11:09:09 PST"]
[Termination "petrpalachev won by resignation"]

1. d4 d5 2. Nf3 e6 3. g3 Be7 4. Bg2 Nf6 5. O-O O-O 6. c4 c6 7. b3 Nbd7 8. Nc3 b6 9. Nd2 Bb7 10. e4 dxe4 11. Ndxe4 Nxe4 12. Bxe4 Nf6 13. Bf3 Qd7 14. Be3 Rfd8 15. Qe2 c5 16. Rad1 Bxf3 17. Qxf3 cxd4 18. Rxd4 Qc8 19. Rxd8+ Bxd8 20. Rd1 Be7 21. g4 h6 22. h3 Rb8 23. Nb5 a6 24. Na7 Qb7 25.
Qxb7 Rxb7 26. Nc8 b5 27. Nxe7+ Rxe7 28. Rd8+ Re8 29. Rxe8+ Nxe8 30. cxb5 axb5 31. a4 bxa4 32. bxa4 Nc7 33. Bb6 Na6 34. Kf1 Kf8 35. Ke2 Ke7 36.
Kd3 Kd6 37. Kc4 Kc6 38. a5 g6 39. Be3 h5 40. gxh5 gxh5 41. Kd4 f6 42. Ke4 Kb5 43. Bb6 Nb4 44. Bd8 Nd5 45. f4 Kc6 46. a6 f5+ 47. Ke5 Kd7 48. a7 Nb4 49. a8=Q Nc6+ 50. Qxc6+ Kxc6 51. Kxe6 Kc5 52. Bg5 Kd4 53. Kxf5 Ke3 54.
Kg6 Kf3 55. Kxh5 Kg3 56. Kg6 Kxh3 57. f5 Kg4 58. f6 1-0

[Event "*** Titled Tuesday Blitz"]
[Site "Chess.com"]
[Date "2020.11.10"]
[Round "6"]
[White "Flutaga"]
[Black "Michaelson_11"]
[Result "1-0"]
[WhiteElo "1987"]
[BlackElo "2099"]
[TimeControl "180+1"]
[EndTime "11:09:09 PST"]
[Termination "Flutaga won by resignation"]

1. e4 c5 2. Nc3 Nc6 3. f4 g6 4. Nf3 Bg7 5. Bb5 Nd4 6. a4 a6 7. Bc4 e6 8. e5 d5 9. exd6 Qxd6 10. d3 Ne7 11. Ne4 Qc7 12. c3 Nxf3+ 13. Qxf3 O-O 14.
a5 Bd7 15. O-O Bc6 16. Qf2 Bxe4 17. dxe4 Qc6 18. Bd3 c4 19. Bc2 f5 20. exf5 Nxf5 21.
Re1 Rad8 22. Qe2 Rd6 23. Be3 Rfd8 24. Rad1 Rxd1 25. Rxd1 Rxd1+ 26. Bxd1 Qe4 27. Bb6 Qxe2 28. Bxe2 Nd6 29. Bf3 Kf7 30. Bc5 Nc8 31. Bxb7 Ne7 32. Bxa6 Nd5 33. Bxc4 Nxf4 34. Ba6 e5 35. Bc4+ Ke8 36. a6 e4 37. a7 1-0

[Event "*** Titled Tuesday Blitz"]
[Site "Chess.com"]
[Date "2020.11.10"]
[Round "6"]
[White "AungTZ"]
[Black "Kavyev_Ruslan"]
[Result "0-1"]
[WhiteElo "2119"]
[BlackElo "2403"]
[TimeControl "180+1"]
[EndTime "11:09:10 PST"]
[Termination "Kavyev_Ruslan won by resignation"]

1. e4 c5 2. Nf3 d6 3. Bb5+ Nd7 4. O-O Nf6 5. Re1 a6 6. Bf1 e6 7. c3 b5 8. d3 Bb7 9. a4 Be7 10. axb5 axb5 11. Na3 Qb6 12. Bd2 O-O 13. h3 Rfd8 14.
Nc2 Rxa1 15. Qxa1 Ra8 16. Qb1 Qa7 17. Ne3 Qa2 18. Qc1 Qb3 19. Nh2 Ra2 20. Nd1 Nb6 21. Bg5 Na4 22. Re2 h6 23. Bxf6 Bxf6 24.
Ng4 Be7 25. d4 Nb6 26. Re3 Qa4 27. Rg3 Ra1 28. Nxh6+ Kf8 29. Qf4 gxh6 30. Qxh6+ Ke8 31. Qh8+ Kd7 32. Qb8 Qa8 33. Qxa8 Bxa8 34. Be2 Bxe4 35. Kh2 c4 36. Rg7 Ke8 37. Bh5 Bg6 38. Bxg6 fxg6 39.
Ne3 g5 40. Ng4 Rb1 41. Nh6 Rxb2 42. Rg8+ Kd7 43. Rb8 Kc7 44. Re8 Kd7 45. Rb8 Nd5 46. Rb7+ Kc6 47. Ra7 Rxf2 48. Ng8 Bd8 49. Ra8 Bb6 50.
Rc8+ Kb7 51. Re8 Nxc3 52. Rxe6 Bxd4 53. Rxd6 Be5+ 0-1

[Event "*** Titled Tuesday Blitz"]
[Site "Chess.com"]
[Date "2020.11.10"]
[Round "6"]
[White "Lupul_Cenusiu"]
[Black "eCztery"]
[Result "0-1"]
[WhiteElo "2546"]
[BlackElo "2315"]
[TimeControl "180+1"]
[EndTime "11:09:12 PST"]
[Termination "eCztery won by resignation"]

1. d4 Nf6 2. Nf3 e6 3. g3 c5 4. Bg2 cxd4 5. Nxd4 Be7 6. c4 O-O 7. Nc3 Nc6 8. O-O a6 9. Bf4 Qa5 10. Rc1 Nxd4 11. Qxd4 Qh5 12. h4 Ng4 13. Bd6 e5 14.
Qd5 Bxh4 15. gxh4 Re8 16. Qf3 Re6 17. Ne4 f5 18. Bh3 fxe4 19. Qxg4 Rg6 20. Qxg6 Qxg6+ 21. Kh2 Qxd6 22. Rcd1 Qe7 23. c5 b6 24. Rd6 bxc5 25.
Rfd1 Qxh4 26. Kg2 e3 27. f3 Qf2+ 28. Kh1 Qxe2 29. Bg2 Bb7 30. Rf1 Rf8 31. Rxd7 Bxf3 32.
Rg1 Bxg2+ 33. Rxg2 Rf1+ 34. Kh2 Rf2 35. Rxg7+ Kf8 36. Rg8+ Ke7 37. Rg7+ Ke6 38. Rg3 Rxg2+ 39. Rxg2 Qf3 40. Rg8 e2 41. Re8+ Kd7 42. Rxe5 e1=Q 43. Rxe1 Qf2+ 44. Kh3 Qxe1 45. b4 Qd2 46. bxc5 Kc6 47.
a4 Qa2 48. a5 Qxa5 49. Kg4 Qxc5 50. Kh4 Qb4+ 0-1